 Dungeon Crawl Stone Soup version 0.29.1-1-gd02db6906a (webtiles) character file.

Game seed: 41440176319345512

3348 hawla the Destroyer (level 9, 0/72 HPs)
             Began as a Red Draconian Conjurer on Sept 21, 2022.
             Was a Believer of Vehumet.
             Slain by a sky beast (5 damage)
             ... on level 7 of the Dungeon.
             The game lasted 00:26:34 (10892 turns).

hawla the Destroyer (Red Draconian Conjurer)       Turns: 10892, Time: 00:26:35

Health: 0/72       AC: -8    Str:  9    XL:     9   Next: 72%
Magic:  4/17       EV: 13    Int: 29    God:    Vehumet [**....]
Gold:   444        SH:  0    Dex: 10    Spells: 6/19 levels left

rFire   + . .      SeeInvis .   w - +5 long sword (freeze)
rCold   . . .      Faith    .   (no shield)
rNeg    . . .      Spirit   .   (body armour unavailable)
rPois   .          Reflect  .   g - +1 hat
rElec   .          Harm     .   (no cloak)
rCorr   .          Rampage  .   (no gloves)
Will    .....                   (no boots)
Stlth   ++........              (no amulet)
HPRegen 0.22/turn               c - +6 ring of intelligence
MPRegen 0.15/turn               (no ring)

@: corroded
A: breathe fire, AC +7, unfitting armour, fire resistance 1, cold-blooded, fangs
1, stinger 1, subdued magic 1, MP-powered wands
a: Breathe Fire, Renounce Religion


You were on level 7 of the Dungeon.
You worshipped Vehumet.
Vehumet was pleased with you.
You visited 2 branches of the dungeon, and saw 8 of its levels.

You collected 444 gold pieces.

Inventory:

Hand Weapons
 f - a +2 vorpal mace
 w - a +5 long sword of freezing (weapon)
Missiles
 e - 8 boomerangs (quivered)
 h - 3 throwing nets
 p - 8 poisoned darts
Armour
 g - a +1 hat (worn)
Jewellery
 a - a ring of resist corrosion
 c - a +6 ring of intelligence (left hand)
 k - a ring of positive energy
 q - a ring of poison resistance
Wands
 j - a wand of charming (7)
 u - a wand of flame (19)
 y - a wand of light (3)
Scrolls
 i - 2 scrolls of fog
 n - 3 scrolls of identify
 o - 2 scrolls of magic mapping
 x - a scroll of teleportation
 z - a scroll of blinking {unknown}
 A - 2 scrolls of noise {unknown}
 B - a scroll of enchant weapon {unknown}
Potions
 b - 3 potions of curing
 d - 2 potions of attraction
 l - a potion of cancellation
 m - a potion of mutation
 s - a potion of brilliance
 t - 2 potions of haste
 v - a potion of berserk rage


   Skills:
 + Level 4.4 Fighting
 + Level 1.1 Long Blades
 + Level 4.6 Maces & Flails
 + Level 1.1 Throwing
 + Level 5.4 Dodging
 - Level 1.9 Stealth
 + Level 5.5 Spellcasting
 + Level 8.6 Conjurations
 + Level 4.2 Translocations
 + Level 0.6 Fire Magic


You had 6 spell levels left.
You knew the following spells:

 Your Spells              Type           Power      Damage    Failure   Level
a - Magic Dart            Conj           100%       1d8       1%          1
b - Searing Ray           Conj           88%        2d7       1%          2
c - Iskenderun's Mystic   Conj/Tloc      35%        2d8       3%          4
d - Sticky Flame          Conj/Fire      27%        2d5       7%          4
e - Scorch                Fire           18%        2d6       5%          2

Your spell library contained the following spells:

 Spells                   Type           Power      Damage    Failure   Level
 Conjure Flame            Conj/Fire      27%        6-21      1%          3
 Dazzling Flash           Conj/Hex       50%        N/A       2%          3
 Freeze                   Ice            24%        1d5       4%          1
 Fulminant Prism          Conj/Hex       12%        3d9       8%          4
 Hailstorm                Conj/Ice       25%        3d7       8%          4
 Ignite Poison            Fire/Tmut/Pois 7%         N/A       13%         3
 Frozen Ramparts          Ice            12%        1d2       16%         3
 Ozocubu's Armour         Ice            6%         N/A       16%         3
 Ozocubu's Refrigeration  Ice            3%         4d8       100%        7


Dungeon Overview and Level Annotations

Branches:
Dungeon (7/15)             Temple (1/1) D:4

Altars:
Ashenzari
Cheibriados
Dithmenos
Elyvilon
Fedhas
Gozag
Hepliaklqana
Kikubaaqudgha
Makhleb
Nemelex Xobeh
Qazlal
Ru
Sif Muna
Trog
Uskayaw
Vehumet
Wu Jian
Xom
Yredelemnul
The Shining One

Shops:
D:3 :   D:5 ?

Annotations:
D:1 apport the gold


Innate Abilities, Weirdness & Mutations

You can breathe blasts of fire.
Your fiery red scales are hard. (AC +7)
You cannot fit into any form of body armour.
Your flesh is heat resistant. (rF+)
You are cold-blooded and may be slowed by cold attacks.
You have very sharp teeth.
Your tail ends in a venomous barb.
Your spells are a little easier to cast, but a little less powerful.
You expend magic power (3 MP) to strengthen your wands.


Message History

The kobold demonologist gestures wildly while chanting.
The sky beast misses you. The rust devil closely misses you.
You barely miss the kobold demonologist.
The kobold demonologist is almost dead.
The sky beast is no longer more vulnerable to fire.
The kobold demonologist is no longer more vulnerable to fire.
The kobold demonologist hits you with a +0 dagger.
The sky beast barely misses you. The rust devil closely misses you.
The kobold demonologist hits you with a +0 dagger.
You hit the sky beast but do no damage.
Your tail-slap misses the sky beast.
You bite the sky beast, but do no damage.
The sky beast is moderately wounded.
The rust devil closely misses you. The sky beast hits you.
The sky beast shocks you.
The kobold demonologist hits you with a +0 dagger.
The sky beast hits you. The sky beast shocks you.
The rust devil closely misses you.
You hit the kobold demonologist but do no damage.
The kobold demonologist is almost dead.
The kobold demonologist hits you with a +0 dagger!
The rust devil hits you. The rust devil corrodes you!
The sky beast closely misses you.
You barely miss the kobold demonologist.
You bite the kobold demonologist, but do no damage.
The kobold demonologist is almost dead.
The kobold demonologist mumbles some strange words.
The rust devil hits you. The rust devil corrodes you!
The sky beast flickers out of sight!
Deactivating autopickup; reactivate with Ctrl-A.
Something hits you.
* * * LOW HITPOINT WARNING * * *
Something shocks you.
* * * LOW HITPOINT WARNING * * *
The kobold demonologist hits you with a +0 dagger.
* * * LOW HITPOINT WARNING * * *
As you read the scroll of summoning, it crumbles to dust.
Wisps of shadow whirl around you... Something hits you.
* * * LOW HITPOINT WARNING * * *
Something shocks you.
You die...

...###.....##...# #.###......#..#
...###.....##.#####.# ####.#.#.##
...~~†~....#.~~~~...# #.....#
..~)##~.....~~##~###########...##
#~~##~~~~~~~~##~~...~~~~# ##....
~~############~~~~~~~##~#########
### ######~##~~.........
#..#.#4#5###o~##.#######
#.55{@5oooo###.#
#.#.#K#o###~~##.# #
######~##~~#.#
##############~~~~~~~##~#.#
~~~~~~##~~~~~##~~#.#~~~~#.#
#####~~##~..~~##~#..##....#
##~~~~#..~~~~##....####
#######.........### ###########


You could see a rust devil (summoned), a kobold demonologist (ally target), a
quasit (summoned), a shadow imp (summoned, ally target), an ufetubus (summoned),
6 friendly orcs and a friendly ufetubus (summoned).

Vanquished Creatures
  Pikel (D:7)
  An orc warrior (D:7)
  A water moccasin (D:7)
  3 ice beasts (D:6)
  A sky beast (D:6)
  5 black bears
  2 centaurs
  An ogre (D:5)
  2 bullfrogs (D:6)
  6 scorpions
  2 necrophages
  5 wights (D:6)
  A howler monkey (D:6)
  2 jellies
  An orc priest (D:6)
  A hound (D:6)
  6 iguanas
  3 orc wizards
  Robin (D:2)
  15 gnolls
  9 adders
  A shadow imp (D:5)
  2 white imps
  2 ufetubi
  2 worms (D:5)
  2 dart slugs (D:1)
  27 orcs
  9 ball pythons
  5 endoplasms
  3 giant cockroaches
  11 hobgoblins
  4 jackals
  6 kobolds
  5 quokkas
  5 bats
  4 frilled lizards (D:1)
  16 goblins
  4 rats
177 creatures vanquished.

Vanquished Creatures (collateral kills)
  A hobgoblin (D:4)
  A quokka (D:4)
2 creatures vanquished.

Vanquished Creatures (others)
  A rat (D:1)
1 creature vanquished.

Grand Total: 180 creatures vanquished

Notes
Turn   | Place    | Note
-------+----------+-------------------------------------------
     0 | D:1      | hawla the Draconian Conjurer began the quest for the Orb.
     0 | D:1      | Reached XP level 1. HP: 14/14 MP: 3/3
   534 | D:1      | Reached XP level 2. HP: 20/20 MP: 1/5
   537 | D:1      | Learned a level 2 spell: Searing Ray
   907 | D:1      | Found a faded altar of an unknown god.
  1291 | D:1      | Reached XP level 3. HP: 18/26 MP: 3/6
  1510 | D:2      | Noticed Robin
  1581 | D:2      | Killed Robin
  2451 | D:2      | Reached skill level 5 in Conjurations
  2771 | D:3      | Reached XP level 4. HP: 28/33 MP: 1/7
  2783 | D:3      | Learned a level 4 spell: Iskenderun's Mystic Blast
  3077 | D:3      | Reached skill level 1 in Translocations
  3177 | D:3      | Noticed a scorpion
  3181 | D:3      | Found Jagul's Book Boutique.
  3196 | D:3      | Killed a scorpion
  3197 | D:3      | Reached XP level 5. HP: 38/38 MP: 1/9
  3305 | D:3      | Identified the +2 buckler of the Invisible Hand {Str+9
                  | Int-4 Dex-5 Stlth+}
  3874 | D:4      | Reached skill level 6 in Conjurations
  3974 | D:4      | Noticed a black bear
  4016 | D:4      | Killed a black bear
  4017 | D:4      | Reached XP level 6. HP: 45/45 MP: 2/10
  4174 | D:4      | Found a staircase to the Ecumenical Temple.
  4433 | D:4      | Found a hide-covered altar of Uskayaw.
  4436 | D:4      | Found a shimmering altar of Xom.
  4436 | D:4      | Found a burning altar of Makhleb.
  4439 | D:4      | Found an ancient bone altar of Kikubaaqudgha.
  4601 | Temple   | Entered the Ecumenical Temple
  4853 | Temple   | Became a worshipper of Vehumet
  5334 | D:5      | Entered Level 5 of the Dungeon
  5336 | D:5      | Gained mutation: You expend magic power (3 MP) to
                  | strengthen your wands. [potion of mutation]
  5336 | D:5      | Gained mutation: Your tail ends in a venomous barb. [potion
                  | of mutation]
  5336 | D:5      | Gained mutation: Your spells are a little easier to cast,
                  | but a little less powerful. [potion of mutation]
  5336 | D:5      | Gained mutation: You have very sharp teeth. [potion of
                  | mutation]
  5337 | D:5      | Found a white marble altar of Elyvilon.
  5350 | D:5      | Reached skill level 1 in Throwing
  5350 | D:5      | Your scales start taking on a fiery red colour.
  5350 | D:5      | Reached XP level 7. HP: 23/51 MP: 5/11
  5350 | D:5      | Gained mutation: Your flesh is heat resistant. (rF+) [Red
                  | Draconian growth]
  5826 | D:5      | Reached skill level 7 in Conjurations
  5949 | D:5      | Reached skill level 1 in Fighting
  6306 | D:5      | Found Weuthux's Magic Scroll Boutique.
  7172 | D:6      | Reached skill level 1 in Maces & Flails
  7178 | D:6      | Reached * piety under Vehumet
  7178 | D:6      | Offered knowledge of Sandblast by Vehumet.
  7203 | D:6      | Reached XP level 8. HP: 12/61 MP: 2/14
  7453 | D:5      | Learned a level 4 spell: Sticky Flame
  8336 | D:6      | Reached skill level 8 in Conjurations
  8612 | D:6      | Reached skill level 5 in Spellcasting
  8612 | D:6      | Reached XP level 9. HP: 44/70 MP: 8/16
  9326 | D:7      | Noticed Pikel
  9335 | D:7      | Killed Pikel
  9336 | D:7      | Reached skill level 5 in Dodging
 10352 | D:7      | Reached ** piety under Vehumet
 10549 | D:7      | Offered knowledge of Scorch by Vehumet.
 10550 | D:7      | Reached skill level 1 in Long Blades
 10553 | D:7      | Learned a level 2 spell: Scorch
 10877 | D:7      | Noticed a kobold demonologist
 10885 | D:7      | Noticed a rust devil
 10892 | D:7      | Slain by a sky beast

Illustrated notes

Levels and vault maps discovered:
D:1:      nzn_arrival_settlement, layout_basic,
          hellmonk_ecumenical_altar_leap_of_faith, lemuel_flame_loot_1
D:2:      layout_basic, uniq_robin
D:3:      layout_basic, serial_shops, shop_statue,
          minmay_fractal_squares_diagonal_5
D:4:      layout_basic, grunt_temple_overflow_open,
          minmay_temple_entry_purple_smoke
D:5:      layout_cave_pods, mainiacjoe_overflow_boulevard, serial_shops,
          nicolae_shop_stone, cheibrodos_sewer_entry_bend
D:6:      layout_basic
D:7:      layout_rooms, minmay_manual_mullet, uniq_pikel
Temple:   regret_index_temple_generic_petals

Skill      XL: |  1  2  3  4  5  6  7  8  9 |
---------------+----------------------------+-----
Dodging        | 2 3 4 5 |  5.4
Conjurations   | 5 6 7 8 |  8.6
Translocations | 1 2 3 4 |  4.2
Spellcasting   | 3 4 5 |  5.5
Throwing       | 1 |  1.1
Fighting       | 1 3 4 |  4.4
Maces & Flails | 1 3 4 |  4.6
Long Blades    | 1 |  1.1
Stealth        | |  1.9
Fire Magic     | |  0.6

Action                   |  1- 3 |  4- 6 |  7- 9 || total
-------------------------+-------+-------+-------++-------
Melee: Unarmed           |    63 |    48 |    12 ||   123
       Tailslap          |     5 |     8 |    15 ||    28
       Punch             |     1 |       |     3 ||     4
       Mace              |       |       |   112 ||   112
       Bite              |       |       |    22 ||    22
       Long sword        |       |       |    29 ||    29
Throw: Boomerang         |       |    10 |       ||    10
 Cast: Magic Dart        |    25 |    37 |    21 ||    83
       Searing Ray       |    18 |    27 |    19 ||    64
       Iskenderun's Myst |       |     5 |    35 ||    40
       Sticky Flame      |       |       |    12 ||    12
       Scorch            |       |       |     6 ||     6
 Abil: Breathe Fire      |       |       |     4 ||     4
  Use: Scroll            |       |    10 |     9 ||    19
       Potion            |       |     6 |     8 ||    14
 Stab: Sleeping          |       |     1 |     1 ||     2
Armor: Skin              |    27 |    61 |   124 ||   212
Dodge: Dodged            |    50 |    59 |   210 ||   319
